 Dungeon Crawl Stone Soup version 0.30-a0-567-gf7fd966b4a (webtiles) character file.

Game seed: 16573194942750540908

62 kipponium the Grasshopper (level 3, 0/31 HPs)
             Began as an Armataur Warper on Dec 28, 2022.
             Slain by Natasha (4 damage)
             ... on level 3 of the Dungeon.
             The game lasted 00:05:42 (1693 turns).

kipponium the Grasshopper (Armataur Warper)         Turns: 1693, Time: 00:05:42

Health: 0/31       AC:  5    Str: 16    XL:     3   Next: 85%
Magic:  14/14      EV:  9    Int: 15    God:
Gold:   77         SH:  0    Dex:  9    Spells: 0/5 levels left

rFire   . . .      SeeInvis .    a - +0 mace
rCold   . . .      Faith    .    (no shield)
rNeg    . . .      Spirit   .    b - +0 leather armour
rPois   .          Reflect  .    n - +0 helmet
rElec   .          Harm     .    (no cloak)
rCorr   .          Roll     +    (no gloves)
Will    .....                    (no barding)
Stlth   +                        (no amulet)
HPRegen 0.25/turn                k - ring of magical power
MPRegen 0.14/turn                (no ring)

@: mighty, slowed, very slow
A: large, rugged brown scales 3, deformed body, armoured tail, roll, long
tongue, awkward tongue
a: no special abilities


You were on level 3 of the Dungeon.
You visited 1 branch of the dungeon, and saw 3 of its levels.

You collected 77 gold pieces.

Inventory:

Hand Weapons
 a - a +0 mace (weapon)
Missiles
 d - 3 boomerangs of dispersal (quivered)
Armour
 b - a +0 leather armour (worn)
 n - a +0 helmet (worn)
Jewellery
 k - a ring of magical power (left hand)
Scrolls
 c - a scroll of vulnerability {unknown}
 e - 6 scrolls of identify {unknown}
 f - 2 scrolls of immolation {unknown}
 g - a scroll of fear {unknown}
 j - 2 scrolls of enchant weapon {unknown}
 l - 2 scrolls of teleportation {unknown}
 r - a scroll of magic mapping {unknown}
Potions
 h - 3 potions of heal wounds
 i - 3 potions of curing
 m - a potion of might
 o - 2 potions of resistance {unknown}
 p - a potion of attraction {unknown}
 q - a potion of degeneration {unknown}


   Skills:
 - Level 1.7 Fighting
 * Level 2.9 Maces & Flails
 - Level 0.8 Throwing
 - Level 1.2 Armour
 - Level 1.3 Dodging
 - Level 1.7 Spellcasting
 * Level 4.1 Translocations


You couldn't memorise any spells.
You knew the following spells:

 Your Spells              Type           Power      Damage    Failure   Level
a - Gell's Gravitas       Tloc           13%        N/A       16%         3
b - Blink                 Tloc           26%        N/A       8%          2

Your spell library contained the following spells:

 Spells                   Type           Power      Damage    Failure   Level
 Lesser Beckoning         Tloc           26%        N/A       16%         3
 Teleport Other           Tloc           13%        N/A       16%         3
 Beastly Appendage        Tmut           2%         N/A       28%         1
 Slow                     Hex            4%         N/A       28%         1
 Vhi's Electric Charge    Tloc/Air       14%        N/A       36%         3
 Sublimation of Blood     Necr           1%         N/A       38%         2
 Wereblood                Tmut           1%         N/A       38%         2
 Manifold Assault         Tloc           13%        N/A       45%         4
 Confusing Touch          Hex            1%         N/A       63%         3
 Spider Form              Tmut/Pois      1%         N/A       63%         3
 Summon Guardian Golem    Hex/Summ       1%         N/A       63%         3
 Vampiric Draining        Necr           1%         2d6       63%         3
 Orb of Destruction       Conj           0%         9d5       100%        7
 Spellforged Servitor     Conj/Summ      0%         N/A       100%        7
 Summon Hydra             Summ           0%         N/A       100%        7


Dungeon Overview and Level Annotations

Branches:
Dungeon (3/15)

Altars:

Shops:
D:1 ?

Annotations:
D:3 Natasha


Innate Abilities, Weirdness & Mutations

You are completely covered in rugged brown scales. (AC +3, +7% HP)
Armour fits poorly on your strangely shaped body.
You have a long armoured tail.
You roll when moving toward enemies. (Rampage)
Your long tongue fully drains potion bottles. (2x potion effects)
Your tongue gives you trouble enunciating. (1.5x scroll delay)


Message History

Natasha claws you but does no damage. The adder bites you but does no damage.
You slurp down every last drop of the 4 clear potions!
It was a potion of heal wounds.
You feel much better. The adder bites you but does no damage.
Natasha claws you! The adder bites you.
You hit the adder.
Your tail-slap misses the adder.
The adder is lightly wounded.
Natasha barely misses you. The adder bites you.
You are poisoned.
The adder poisons you! Natasha claws you but does no damage.
The adder barely misses you.
You barely miss the adder. You tail-slap the adder.
The adder is lightly wounded.
You feel sick. The adder closely misses you. Natasha barely misses you.
The adder bites you but does no damage. Natasha claws you but does no damage.
You closely miss the adder.
The adder is lightly wounded.
You feel sick.
You are no longer poisoned.
The adder bites you but does no damage. Natasha casts a spell at you.
The magic dart hits you. The adder closely misses you.
Natasha stares at you and mumbles some strange words.
You resist with significant effort. The adder barely misses you.
You slurp down every last drop of the 2 metallic dark potions!
It was a potion of might.
You feel very mighty all of a sudden. The adder bites you but does no damage.
Natasha barely misses you. The adder bites you but does no damage.
You barely miss the adder.
The adder is lightly wounded.
Natasha barely misses you. The adder barely misses you.
Natasha claws you but does no damage. The adder bites you.
You closely miss the adder.
Your tail-slap misses the adder.
The adder is lightly wounded.
The adder bites you. Natasha casts a spell at you. The magic dart hits you!
* * * LOW HITPOINT WARNING * * *
The adder bites you but does no damage. Natasha claws you.
You die...

....# ..# ....# ..# ##.## ..#
. ..> #.## . ..... #..#
........ #..# .#####.# #..#
....##.# #S.# #......#
######@.# ....~### ......h..##
#......###.........##
...~............(...#
#.~.~.####.....####.##
#.............# ##...##
#.~..........####.....####
#.~.......####.#.......#.##
#....########.............####


You could see Natasha and an adder.

Vanquished Creatures
  3 dart slugs
  3 ball pythons
  5 endoplasms
  12 giant cockroaches (D:2)
  2 goblins (D:2)
  5 hobgoblins
  5 kobolds
  2 quokkas
  2 bats
  2 frilled lizards
  7 rats
48 creatures vanquished.

Notes
Turn   | Place    | Note
-------+----------+-------------------------------------------
     0 | D:1      | kipponium the Armataur Warper began the quest for the Orb.
     0 | D:1      | Reached XP level 1. HP: 18/18 MP: 3/3
   133 | D:1      | Found Egguptae's Magic Scroll Shop.
   217 | D:1      | Reached XP level 2. HP: 23/25 MP: 4/4
   795 | D:2      | Reached XP level 3. HP: 30/31 MP: 5/5
   799 | D:2      | Learned a level 3 spell: Gell's Gravitas
  1054 | D:2      | Reached skill level 4 in Translocations
  1371 | D:2      | Learned a level 2 spell: Blink
  1676 | D:3      | Noticed Natasha
  1693 | D:3      | Slain by Natasha

Illustrated notes

Levels and vault maps discovered:
D:1:      dpeg_arrival_shelter, layout_rooms, serial_shops,
          nicolae_shop_statue_plus, minmay_misc_feat_doors,
          roderic_roman_lattice
D:2:      minmay_roachtagon, layout_basic, grunt_decor_mini_mirrors
D:3:      layout_rooms, serial_rivers, chequers_serial_rivers_room_a,
          chequers_serial_rivers_micro_e, chequers_serial_rivers_micro_e,
          chequers_serial_rivers_micro_c, nicolae_figureground_pulse,
          uniq_natasha

Skill      XL: |  1  2  3 |
---------------+----------+-----
Maces & Flails | 2 |  2.9
Translocations | 4 |  4.1
Fighting       | |  1.7
Throwing       | |  0.8
Armour         | |  1.2
Dodging        | |  1.3
Spellcasting   | |  1.7

Action                   || total
-------------------------++-------
Melee: Mace              ||   114
       Tailslap          ||    12
       Punch             ||     1
Throw: Boomerang         ||     4
 Cast: Gell's Gravitas   ||     2
  Use: Scroll            ||     1
       Potion            ||     3
Armor: Leather armour    ||    61
Dodge: Dodged            ||    92

Table legend: (Time is in decaauts)
 A = Elapsed time spent in this place.
 B = Non-inter-level travel time spent in this place.
 C = Inter-level travel time spent in this place.
 D = Time resting spent in this place.
 E = Time spent auto-exploring this place.
 F = Levels seen in this place.
 G = Mean time per level.
                   A        B        C        D        E       F      G
               +--------+--------+--------+--------+--------+-----+--------+
         Total |   1733 |   1681 |     52 |      6 |   1327 |   3 |  577.7 |
       Dungeon |   1733 |   1681 |     52 |      6 |   1327 |   3 |  577.7 |
               +--------+--------+--------+--------+--------+-----+--------+

Top non-repeatable levels by time:
     D:2: 944 daAuts
     D:1: 514 daAuts
     D:3: 274 daAuts
